 Dungeon Crawl Stone Soup version 0.22-a0-369-gc73351f (webtiles) character file.

70 iamserjio the Vexing (level 4, 0/21 HPs)
             Began as a Vine Stalker Enchanter on Apr 24, 2018.
             Succumbed to Totori's ghost's poison
             ... on level 3 of the Dungeon.
             The game lasted 00:06:17 (2750 turns).

iamserjio the Vexing (Vine Stalker Enchanter)       Turns: 2750, Time: 00:06:18

Health: 0/21       AC:  3    Str: 12    XL:     4   Next: 21%
Magic:  5/8        EV: 12    Int: 15    God:
Gold:   115        SH:  0    Dex: 14    Spells: 4/8 levels left

rFire    . . .     SeeInvis .   a - +1 dagger
rCold    . . .     Gourm    .   (no shield)
rNeg     . . .     Faith    .   b - +0 robe
rPois    .         Spirit   +   (no helmet)
rElec    .         Reflect  .   l - +0 cloak
rCorr    .         Harm     .   (no gloves)
MR       .....                  (no boots)
Stlth    +++.......             (no amulet)
HPRegen  0.47/turn              f - ring of stealth
MPRegen  0.11/turn              (no ring)

@: lethally poisoned (0 -> -13), very slightly contaminated
A: fangs 2, regeneration 1, magic shield, antimagic bite, no potion heal 3, rot
immunity
a: no special abilities


You were on level 3 of the Dungeon.
You were hungry.

You visited 1 branch of the dungeon, and saw 3 of its levels.

You collected 115 gold pieces.

Inventory:

Hand Weapons
 a - a +1 dagger (weapon)
Armour
 b - a +0 robe (worn)
 l - a +0 cloak (worn)
Jewellery
 f - a ring of stealth (left hand)
Scrolls
 c - 2 scrolls of teleportation {unknown}
 e - 2 scrolls of enchant armour {unknown}
 g - 2 scrolls of identify {unknown}
 i - 2 scrolls of remove curse {unknown}
 n - a scroll of immolation {unknown}
Potions
 h - a potion of cancellation {unknown}
 j - a potion of heal wounds {unknown}
 k - a potion of invisibility {unknown}
 m - a potion of mutation {unknown}
Comestibles
 d - 4 rations


   Skills:
 + Level 0.9 Fighting
 * Level 1.9 Short Blades
 + Level 1.8 Dodging
 - Level 3.6 Stealth
 + Level 2.6 Spellcasting
 * Level 3.7 Hexes


You had 4 spell levels left.
You knew the following spells:

 Your Spells              Type           Power        Failure   Level  Hunger
a - Corona                Hex            ##.....      4%          1    #......
b - Confuse               Hex            ##......     13%         3    ###....


Dungeon Overview and Level Annotations

Branches:
Dungeon (3/15)

Altars:
Qazlal
Wu Jian

Annotations:
D:3 Totori's ghost, amateur MfCK


Innate Abilities, Weirdness & Mutations

You have extremely sharp teeth.
Your natural rate of healing is unusually fast.
When hurt, damage is shared between your health and your magic reserves.
Your bite disrupts and absorbs the magic of your enemies.
Potions cannot restore your health.
You are immune to rotting.


Message History

Totori's ghost is lightly damaged.
You feel sick. Totori's ghost misses you.
You hit Totori's ghost but do no damage.
You bite Totori's ghost, but do no damage.
Totori's ghost is lightly damaged.
You feel sick. Totori's ghost hits you.
You are lethally poisoned!
You hit Totori's ghost. You bite Totori's ghost. You drain its power.
You feel invigorated.
Totori's ghost is lightly damaged.
You feel sick.
You hit Totori's ghost.
Totori's ghost is moderately damaged.
* * * LOW HITPOINT WARNING * * *
You feel sick.
Totori's ghost seems less confused.
Totori's ghost hits you.
* * * LOW HITPOINT WARNING * * *
You are more poisoned.
* * * LOW HITPOINT WARNING * * *
You feel sick.
You die...

#.........###.#....# #
#.........#...#.##.#########
#.........#.###.............
###'####..#.# #>............
#.†...##..#.######.#........
#.....##.......# #.#.#######
#.....###†#....# #.#.#######
#.........#....# #.#........
#.#.#######@...###..........
#.#............'.)..........
#.#########..W.#############
#.#####.....................
#...........################
#######.##.....# #.......#
#.##.#.#.# #.......#
#.##.._..# #.......#
#....#.### #.......#


You could see Totori's ghost.

Vanquished Creatures
  An adder (D:3)
  An ooze (D:3)
  A worm (D:2)
  3 leopard geckos
  A ball python (D:1)
  4 giant cockroaches
  6 goblins
  5 hobgoblins
  2 jackals (D:2)
  A quokka (D:3)
  3 bats
  4 frilled lizards
  4 kobolds (D:1)
  16 rats
52 creatures vanquished.

Notes
Turn   | Place    | Note
-------+----------+-------------------------------------------
     0 | D:1      | iamserjio the Vine Stalker Enchanter began the quest for the Orb.
     0 | D:1      | Reached XP level 1. HP: 9/9 MP: 4/4
    69 | D:1      | Reached skill level 1 in Short Blades
   140 | D:1      | Reached XP level 2. HP: 11/13 MP: 4/6
   927 | D:2      | Reached XP level 3. HP: 17/17 MP: 7/7
   932 | D:2      | Learned a level 3 spell: Confuse
  1062 | D:2      | Found a stormy altar of Qazlal.
  1063 | D:2      | Noticed a water elemental
  1065 | D:2      | Noticed an earth elemental
  1065 | D:2      | Noticed a fire elemental
  1065 | D:2      | Noticed an air elemental
  1977 | D:3      | Noticed Totori's ghost (amateur MfCK)
  2069 | D:3      | Found an ornate altar of the Wu Jian Council.
  2104 | D:3      | Gained mutation: Your natural rate of healing is unusually fast. [Vine Stalker growth]
  2104 | D:3      | Reached XP level 4. HP: 14/21 MP: 5/8
  2750 | D:3      | Succumbed to Totori's ghost's poison

Vault maps used:
D:1:      dpeg_arrival_orchard, minmay_rat_gold_closets
D:2:      first_ration, nicolae_qazlal_style_of_elements
D:3:      lemuel_crystal_altar, eino_tiny_chamber

Skill      XL: |  1 |
---------------+----+-----
Short Blades   | 1 |  1.9
Fighting       | |  0.9
Dodging        | |  1.8
Stealth        | |  3.6
Spellcasting   | |  2.6
Hexes          | |  3.7

Action                   |  1- 3 |  4- 6 || total
-------------------------+-------+-------++-------
Melee: Dagger            |   114 |    29 ||   143
       Bite              |    26 |     7 ||    33
 Cast: Corona            |     2 |       ||     2
       Confuse           |     3 |     1 ||     4
 Stab: Sleeping          |    10 |     4 ||    14
  Eat: Chunk             |     2 |       ||     2
       Ration            |     1 |       ||     1
Armor: Robe              |    23 |     4 ||    27
Dodge: Dodged            |    54 |    20 ||    74

Table legend:
 A = Spawn XP
 B = Non-spawn XP
 C = Spawn XP percentage of total XP
 D = Spawn monster count
 E = Non-spawn monster count
 F = Spawn count percentage of total count
 G = Total turns spent on level
                    A         B        C        D         E        F      G
               +---------+---------+-------+---------+---------+-------+---------
         Total |       0 |     100 |   0.0 |       0 |      52 |   0.0 |  2750
               +---------+---------+-------+---------+---------+-------+---------
           D:1 |       0 |      30 |   0.0 |       0 |      22 |   0.0 |   906
           D:2 |       0 |      23 |   0.0 |       0 |      14 |   0.0 |   779
           D:3 |       0 |      47 |   0.0 |       0 |      16 |   0.0 |  1065
               +---------+---------+-------+---------+---------+-------+---------
